 Dungeon Crawl Stone Soup version 0.15-a0-171-ge5ebe08 (webtiles) character file.

334 PolkaDot the Cutter (level 5, 0/38 HPs)
             Began as a Vampire Air Elementalist on Apr 18, 2014.
             Slain by a worm (9 damage)
             ... on Level 3 of the Dungeon.
             The game lasted 00:08:42 (2407 turns).

PolkaDot the Cutter (Vampire Air Elementalist)      Turns: 2407, Time: 00:08:42

HP   0/38        AC  4     Str  7      XL: 5   Next: 68%
MP   9/9         EV 11     Int 18      God:
Gold 109         SH  9     Dex 14      Spells:  1 memorised,  7 levels left

rFire  . . .     SeeInvis +     c - +2,+0 short sword (flame)
rCold  . . .     Clarity  .     a - +0 robe
rNeg   . . .     Conserve .     h - +2 buckler
rPois  .         rCorr    .     (no helmet)
rElec  .         rRot     .     l - +0 cloak
SustAb . .       Spirit   .     d - +0 pair of gloves
rMut   .         Warding  .     (no boots)
Saprov . . .     Stasis   +     n - amulet of stasis
MR     .....                    (no ring)
                                (no ring)

@: regenerating quickly, not resistant to hostile enchantments, stealthy
A: fangs 3, see invisible, unbreathing
a: no special abilities


You were on level 3 of the Dungeon.
You were full.

You visited 1 branch of the dungeon, and saw 3 of its levels.

You collected 109 gold pieces.

Inventory:

Hand weapons
 c - a +2,+0 short sword of flaming (weapon)
Armour
 a - a +0 robe (worn)
 d - a +0 pair of gloves (worn)
 h - a +2 buckler (worn)
 l - a +0 cloak (worn)
Scrolls
 i - 2 scrolls of remove curse {unknown}
 j - a scroll of enchant weapon I {unknown}
 k - a scroll of fog {unknown}
 m - a scroll of enchant weapon II {unknown}
 o - a scroll of teleportation {unknown}
 s - a scroll of noise {unknown}
Jewellery
 e - an uncursed amulet of warding {unknown}
 f - an uncursed amulet of faith {unknown}
 n - an amulet of stasis (around neck)
Potions
 q - 2 potions of poison {!q}
Books
 b - a book of Air

   Spells                             Type                      Level
   *Shock                             Conjuration/Air              1
   Swiftness                          Charms/Air                   2
   Repel Missiles                     Charms/Air                   2
   Flight                             Charms/Air                   3
   Static Discharge                   Conjuration/Air              3
   Lightning Bolt                     Conjuration/Air              5


   Skills:
 - Level 1.6 Fighting
 + Level 5.5 Short Blades
 - Level 2.1 Dodging
 - Level 3.0 Stealth
 - Level 2.0 Spellcasting
 - Level 0.6 Conjurations
 - Level 3.0 Air Magic


You had 7 spell levels left.
You knew the following spells:

 Your Spells              Type           Power        Failure   Level  Hunger
a - Shock                 Conj/Air       #...         12%         1    #......


Dungeon Overview and Level Annotations

Branches:
Dungeon (3/15)

Altars:
Elyvilon
Kikubaaqudgha
Nemelex Xobeh
The Shining One


Innate Abilities, Weirdness & Mutations

Your natural rate of healing is unusually fast.
You have razor-sharp teeth.*
You have supernaturally acute eyesight.
You can survive without breathing.*


Message History

You hit the worm. You burn the worm.
The worm is moderately wounded.
You block the worm's attack.
You hit the worm. You burn the worm.
The worm is severely wounded.
You barely miss the worm.
The worm is severely wounded.
The worm bites you!
You barely miss the worm.
The worm is severely wounded.
You hit the worm. You burn the worm. You bite the worm, but do no damage.
The worm is almost dead.
The worm bites you.
* * * LOW HITPOINT WARNING * * *
You hit the worm. You burn the worm. You bite the worm, but do no damage.
The worm is almost dead.
You hit the worm. You burn the worm.
The worm is almost dead.
The worm bites you!
You die...

############.# #............#
######## #.##########.#
#....... #.# #.# #####.#####
### #.# #.# #...#.#
..######.##########'###.#.#.#
..+.........##.......##.#.#.#
..###.....####.......##.#.#.#
.............+.w@...$##.#.#.#
##..........##.......##.#.#.#
##......#...###########.#.#.#
##......#...# #.#.#'####
#########...# #.#......# #
... #.#......# # #.#......# #
#.#......# #........#


You could see a worm.

Vanquished Creatures
  An ogre (D:3)
  2 gnolls
  5 adders
  2 worms (D:3)
  3 giant geckos
  An orc (D:3)
  A ball python (D:2)
  3 bats
  4 giant cockroaches
  5 goblins
  9 hobgoblins
  4 jackals (D:3)
  4 kobolds (D:1)
  A quokka (D:2)
  3 giant newts (D:1)
  6 rats
54 creatures vanquished.

Notes
Turn   | Place    | Note
--------------------------------------------------------------
     0 | D:1      | PolkaDot, the Vampire Air Elementalist, began the quest for the Orb.
     0 | D:1      | Reached XP level 1. HP: 13/13 MP: 3/3
    90 | D:1      | Reached skill level 1 in Fighting
   256 | D:1      | Reached XP level 2. HP: 9/21 MP: 0/4
   463 | D:1      | Reached skill level 1 in Short Blades
   676 | D:1      | Reached XP level 3. HP: 20/27 MP: 6/6
   994 | D:2      | Found an ancient bone altar of Kikubaaqudgha.
  1328 | D:2      | Reached XP level 4. HP: 31/33 MP: 7/7
  1382 | D:2      | Found a glowing golden altar of the Shining One.
  1466 | D:2      | Found a white marble altar of Elyvilon.
  1466 | D:2      | Found a sparkling altar of Nemelex Xobeh.
  1577 | D:3      | Reached skill level 4 in Short Blades
  2182 | D:3      | Noticed an ogre
  2203 | D:3      | Killed an ogre
  2203 | D:3      | Reached skill level 5 in Short Blades
  2203 | D:3      | Reached XP level 5. HP: 38/38 MP: 9/9
  2407 | D:3      | Slain by a worm

Action                   |  1- 3 |  4- 6 || total
-------------------------+-------+-------++-------
Melee: Unarmed           |    46 |       ||    46
       Short sword       |    69 |   120 ||   189
 Cast: Shock             |     8 |       ||     8
  Use: Potion            |     2 |     2 ||     4
       Scroll            |       |     3 ||     3
 Stab: Sleeping          |     6 |     2 ||     8
